AoeStats
← 天皇笑川

Black Forest

508414826Analyzed
4v4 RM · 9d ago on Sep 22, 2026· 61m 39s· 8 players
Game mode
Random Map
Map size
Large (8 player)
Population
200
Speed
Normal
Resources
Standard
Victory
Conquest
Starting age
Dark Age
Ending age
Imperial Age
RankedLock teamsTeams togetherTeam positionsShared explorationLock speedFull tech treeHidden civsTurbo modeCheats
Victory
Defeat
🇨🇳 Persians · China
755
+13
🇨🇳 Chinese · China
708
+15
🇨🇳 Vietnamese · China
676
+17
🇨🇳 Bohemians · China
626
+19
🇦🇷 Sicilians · Argentina
740
-18
🇧🇷 Khmer · Brazil
709
-17
🇦🇷 Celts · Argentina
686
-16
🇻🇳 Huns · Vietnam
626
-13
爆脆星星堡
5:34 Loom
14:08 Feudal Age
14:45 Double-Bit Axe
18:56 Horse Collar
20:12 Wheelbarrow
20:38 Fletching
24:18 Castle Age
22:19 Stone Mining
25:21 Bow Saw
25:29 Hand Cart
24:53 Crossbowman
29:28 Bodkin Arrow
29:35 Padded Archer Armor
30:26 Thumb Ring
30:30 Gold Mining
35:51 Ballistics
35:42 Masonry
35:44 Fortified Wall
35:53 Heavy Plow
40:20 Imperial Age
42:24 Chemistry
41:55 Architecture
41:51 Leather Archer Armor
41:37 Bracer
41:45 Squires
42:12 Conscription
41:14 Elite Chu Ko Nu
41:58 Great Wall
41:58 Arbalester
42:01 Elite Skirmisher
45:07 Imperial Skirmisher
58:32 Two-Man Saw
m19951314735
0:49 Loom
13:15 Feudal Age
19:05 Castle Age
19:17 Double-Bit Axe
19:26 Stone Mining
22:19 Fletching
26:06 Wheelbarrow
27:23 Bow Saw
27:25 Pikeman
28:59 Gold Mining
29:48 Stone Shaft Mining
30:35 Bloodlines
32:19 Gold Shaft Mining
36:04 Imperial Age
33:54 Hand Cart
34:18 Bodkin Arrow
34:24 Padded Archer Armor
34:35 Forging
34:26 Scale Mail Armor
34:31 Scale Barding Armor
34:25 Horse Collar
35:18 Squires
35:04 Gambesons
35:43 Ballistics
35:36 Caravan
36:11 Heavy Plow
37:28 Chemistry
35:55 Crossbowman
36:42 Thumb Ring
37:08 Conscription
37:39 Crop Rotation
37:51 Halberdier
40:06 Two-Man Saw
39:18 Heavy Camel Rider
40:33 Kamandaran
41:36 Leather Archer Armor
41:56 Iron Casting
41:37 Chain Mail Armor
42:15 Citadels
42:56 Husbandry
45:37 Cavalier
45:37 Light Cavalry
52:20 Ring Archer Armor
52:21 Plate Mail Armor
54:50 Savar
57:37 Elite War Elephant
58:54 Hoardings
天皇笑川
0:36 Loom
12:55 Feudal Age
13:30 Horse Collar
17:19 Double-Bit Axe
23:20 Castle Age
24:26 Heavy Plow
24:38 Bow Saw
34:18 Imperial Age
33:24 Caravan
33:42 Caravan
35:33 Masonry
35:28 Siege Engineers
36:24 Chemistry
35:45 Ballistics
36:15 Wheelbarrow
35:41 Elite Hussite Wagon
36:27 Wagenburg Tactics
39:25 Houfnice
43:52 Hand Cart
46:48 Conscription
48:02 Town Watch
524653466
0:31 Loom
13:38 Feudal Age
14:57 Wheelbarrow
14:10 Double-Bit Axe
16:19 Gold Mining
18:21 Horse Collar
19:14 Stone Mining
25:02 Castle Age
26:18 Hand Cart
26:06 Heavy Plow
26:18 Bow Saw
27:07 Stone Shaft Mining
26:38 Caravan
29:47 Chatras
29:56 Chatras
33:17 Imperial Age
33:32 Forging
33:29 Scale Barding Armor
34:58 Iron Casting
35:58 Two-Man Saw
35:31 Crop Rotation
35:25 Paper Money
36:14 Ballistics
36:33 Chain Barding Armor
37:27 Pikeman
38:34 Scale Mail Armor
38:00 Halberdier
38:43 Squires
39:30 Chain Mail Armor
41:47 Plate Mail Armor
41:57 Plate Barding Armor
43:48 Fletching
43:59 Padded Archer Armor
45:43 Chemistry
44:18 Elite Fire Lancer
45:30 Arson
45:47 Bodkin Arrow
46:07 Leather Archer Armor
46:20 Siege Engineers
48:18 Bracer
48:48 Ring Archer Armor
49:54 Elite Skirmisher
50:41 Thumb Ring
52:23 Imperial Skirmisher
Lucasavend
1:17 Loom
15:12 Feudal Age
17:00 Wheelbarrow
16:13 Town Watch
16:11 Horse Collar
16:31 Double-Bit Axe
21:44 Stone Mining
21:50 Gold Mining
26:53 Castle Age
28:29 Bow Saw
30:19 Hand Cart
33:05 Caravan
37:46 Heavy Plow
38:33 Gold Shaft Mining
38:35 Stone Shaft Mining
41:12 Imperial Age
40:31 Gambesons
40:48 Squires
40:34 Arson
41:44 Fletching
41:55 Padded Archer Armor
41:56 Scale Mail Armor
42:08 Forging
42:31 Ballistics
42:26 Masonry
43:19 Chemistry
42:08 Arrowslits
42:31 Murder Holes
43:40 Conscription
44:01 Hoardings
45:08 Crop Rotation
45:56 Bodkin Arrow
46:18 Leather Archer Armor
46:19 Chain Mail Armor
47:20 First Crusade
47:13 Man-at-Arms
48:18 Onager
50:13 Iron Casting
49:40 Bracer
50:11 Plate Mail Armor
49:56 Elite Serjeant
50:43 Pikeman
51:38 Elite Skirmisher
52:26 Capped Ram
54:37 Long Swordsman
55:26 Crossbowman
55:57 Heavy Scorpion
57:51 Halberdier
Lautenaius Maximus
6:31 Loom
11:37 Feudal Age
12:04 Double-Bit Axe
16:53 Castle Age
14:58 Gold Mining
14:58 Stone Mining
17:51 Wheelbarrow
19:35 Bow Saw
19:27 Horse Collar
29:22 Imperial Age
28:32 Fletching
30:24 Stone Mining
31:09 Gold Shaft Mining
31:30 Heavy Plow
33:02 Bodkin Arrow
33:30 Ballistics
34:11 Chemistry
37:55 Crop Rotation
37:58 Murder Holes
38:08 Bracer
39:10 Elite Ballista Elephant
39:52 Double Crossbow
40:13 Conscription
39:40 Elite Skirmisher
40:38 Padded Archer Armor
40:49 Scale Barding Armor
40:56 Forging
40:57 Siege Engineers
43:07 Hoardings
43:12 Light Cavalry
44:02 Bloodlines
43:54 Husbandry
44:21 Hussar
55:37 Heavy Scorpion
jackattak
1:17 Loom
16:48 Feudal Age
19:12 Wheelbarrow
18:06 Man-at-Arms
18:31 Arson
20:09 Stone Mining
20:19 Gold Mining
20:22 Horse Collar
24:44 Scale Mail Armor
24:42 Fletching
28:56 Castle Age
30:12 Double-Bit Axe
31:04 Long Swordsman
31:30 Gambesons
31:06 Pikeman
33:31 Hand Cart
34:05 Scale Barding Armor
34:16 Chain Mail Armor
34:11 Forging
33:56 Bodkin Arrow
34:02 Padded Archer Armor
35:00 Bow Saw
36:00 Ballistics
35:40 Stronghold
35:57 Husbandry
35:18 Light Cavalry
38:00 Gold Shaft Mining
38:00 Stone Shaft Mining
41:03 Imperial Age
42:51 Chemistry
42:08 Furor Celtica
42:27 Conscription
42:35 Halberdier
44:55 Heavy Scorpion
49:55 Elite Skirmisher
53:22 Elite Woad Raider
60:47 Chain Barding Armor
60:58 Plate Mail Armor
61:04 Iron Casting
60:46 Leather Archer Armor
60:15 Treadmill Crane
60:53 Masonry
GURU
0:30 Loom
10:56 Feudal Age
11:28 Double-Bit Axe
12:30 Wheelbarrow
12:01 Horse Collar
17:13 Gold Mining
20:03 Castle Age
19:46 Scale Barding Armor
20:45 Scale Mail Armor
21:54 Bow Saw
21:57 Husbandry
26:24 Stone Mining
26:54 Hand Cart
27:34 Heavy Plow
33:04 Imperial Age
31:54 Chain Barding Armor
32:25 Chain Mail Armor
32:06 Pikeman
33:28 Coinage
33:30 Town Watch
34:58 Two-Man Saw
33:43 Cavalier
35:42 Plate Barding Armor
35:57 Squires
36:19 Forging
37:59 Caravan
38:14 Halberdier
39:42 Iron Casting
41:45 Chemistry
40:55 Paladin
42:25 Conscription
42:06 Marauders
42:43 Banking
44:23 Guilds
45:09 Ballistics
60:22 Town Patrol
Connection lost

Rejoining the realm…

Still unreachable

The connection could not be restored.

Session expired

The server has moved on; the page needs a fresh start.